 Dungeon Crawl Stone Soup version 0.21-a0-95-g06f091e (webtiles) character file.

123 Ijustatesigmund the Skirmisher (level 5, -8/61 HPs)
             Began as an Ogre Hunter on July 4, 2017.
             Mangled by a gnoll
             ... wielding a +0 flail
              (10 damage)
             ... on level 3 of the Dungeon.
             The game lasted 00:08:37 (2873 turns).

Ijustatesigmund the Skirmisher (Ogre Hunter)        Turns: 2873, Time: 00:08:38

Health: -8/61      AC:  5    Str: 16    XL:     5   Next: 7%
Magic:  5/5        EV:  5    Int: 15    God:
Gold:   142        SH: 12    Dex: 10    Spells: 4/4 levels left

rFire    . . .     SeeInvis .   a - +1 short sword
rCold    . . .     Gourm    .   n - +2 large shield
rNeg     . . .     Faith    .   b - +1 robe
rPois    .         Spirit   .   (helmet restricted)
rElec    .         Reflect  .   i - +0 cloak
rCorr    .         Harm     .   (gloves unavailable)
MR       .....                  (boots unavailable)
Stlth    +.........             (no amulet)
HPRegen  0.20/turn              p - +3 ring of intelligence
MPRegen  0.09/turn              (no ring)

@: lethally poisoned (-8 -> -8)
A: unfitting armour, tough skin 1
a: no special abilities


You were on level 3 of the Dungeon.
You were hungry.

You visited 1 branch of the dungeon, and saw 4 of its levels.

You collected 142 gold pieces.

Inventory:

Hand Weapons
 a - a +1 short sword (weapon)
Missiles
 k - 5 javelins (quivered)
Armour
 b - a +1 robe (worn)
 i - a +0 cloak (worn)
 n - a +2 large shield (worn)
Jewellery
 p - a +3 ring of intelligence (left hand)
Scrolls
 c - a scroll of enchant armour
 e - 2 scrolls of identify
 g - 3 scrolls of remove curse
 l - 2 scrolls of recharging
Comestibles
 f - a bread ration
 h - 2 royal jellies
 m - a meat ration


   Skills:
 + Level 6.7 Fighting
 - Level 4.0 Throwing
 - Level 1.7 Dodging
 - Level 0.6 Stealth


You had 4 spell levels left.
You didn't know any spells.

Dungeon Overview and Level Annotations

Branches:
Dungeon (4/15)
 Temple: D:4-7

Altars:

Annotations:
D:4 Grinder


Innate Abilities, Weirdness & Mutations

You are too large for most types of armour.
You have tough skin. (AC +1)


Message History

The adder poisons you!
You hit the adder.
The adder is lightly wounded.
You feel sick. The adder bites you but does no damage.
The gnoll hits you with a flail.
* * * LOW HITPOINT WARNING * * *
You hit the adder.
The adder is heavily wounded.
The adder barely misses you. You block the gnoll's attack. The adder bites you.
* * * LOW HITPOINT WARNING * * *
You aren't carrying any potions.
Unknown command.
You feel sick.
You barely miss the adder.
The adder is moderately wounded.
You block the adder's attack. x2
You miss the adder.
The adder is moderately wounded.
You feel sick. You block the adder's attack. The gnoll hits you with a flail!
You die...

.. ##..#### .
...####.###########..
.......w.S(g..(.....
...####.#####....#
#w#....g..#
#(g.###w..# #####
#.>.# #####gw.#
#..@S...# #...g...#
#....#### #....#
######


You could see a worm, 2 gnolls and an adder.

Vanquished Creatures
  Robin (D:2)
  2 adders
  2 oozes (D:1)
  A worm (D:3)
  A dart slug (D:1)
  3 leopard geckos
  4 orcs (D:3)
  9 bats
  2 giant cockroaches
  12 goblins
  9 hobgoblins
  4 jackals (D:2)
  A quokka (D:2)
  6 frilled lizards
  4 kobolds
  12 rats
73 creatures vanquished.

Notes
Turn   | Place    | Note
-------+----------+-------------------------------------------
     0 | D:1      | Ijustatesigmund the Ogre Hunter began the quest for the Orb.
     0 | D:1      | Reached XP level 1. HP: 22/22 MP: 1/1
    46 | D:1      | Reached skill level 3 in Fighting
   101 | D:1      | Reached XP level 2. HP: 31/31 MP: 2/2
   221 | D:1      | Reached skill level 4 in Fighting
   601 | D:1      | Reached XP level 3. HP: 40/40 MP: 3/3
   959 | D:1      | Reached skill level 5 in Fighting
  1135 | D:2      | Noticed Robin
  1434 | D:2      | Killed Robin
  1434 | D:2      | Reached XP level 4. HP: 22/52 MP: 4/4
  2127 | D:2      | Reached skill level 6 in Fighting
  2833 | D:3      | Reached XP level 5. HP: 20/61 MP: 5/5
  2858 | D:4      | Noticed Grinder
  2868 | D:3      | HP: 3/61 [adder (2)]
  2873 | D:3      | HP: 2/61 [poisoned by an adder]
  2873 | D:3      | Mangled by a gnoll

Vault maps used:
D:1:      roderic_dead_forest
D:2:      uniq_robin
D:3:      gup_sewer_entry_spiral
D:4:      kennysheep_mini, cheibriados_altar_1, first_bread, patterned_corridor,
          uniq_grinder

Skill      XL: |  1  2  3  4 |
---------------+-------------+-----
Fighting       | 3 4 5 6 |  6.7
Throwing       | |  4.0
Dodging        | |  1.7
Stealth        | |  0.6

Action                   |  1- 3 |  4- 6 || total
-------------------------+-------+-------++-------
Melee: Short sword       |   142 |   138 ||   280
Throw: Large rock        |     1 |     6 ||     7
       Throwing net      |       |     2 ||     2
  Use: Scroll            |     5 |     3 ||     8
       Potion            |     1 |     2 ||     3
 Stab: Sleeping          |       |     1 ||     1
  Eat: Chunk             |     2 |     4 ||     6
Armor: Robe              |    44 |    84 ||   128
Dodge: Dodged            |    93 |    88 ||   181
Block: Large shield      |       |    27 ||    27
